 Dungeon Crawl Stone Soup version 0.30-a0-149-g7f746667c4 (webtiles) character file.

Game seed: 804608897504920054

250 greasedhog the Ruffian (level 6, 0/34 HPs)
             Began as a Gargoyle Transmuter on Sept 26, 2022.
             Slain by a shadow imp (5 damage)
             ... summoned by Natasha
             ... on level 3 of the Dungeon.
             The game lasted 00:05:12 (3582 turns).

greasedhog the Ruffian (Gargoyle Transmuter)        Turns: 3582, Time: 00:05:13

Health: 0/34       AC:  6    Str: 16    XL:     6   Next: 13%
Magic:  7/9        EV: 12    Int: 13    God:
Gold:   152        SH:  0    Dex: 16    Spells: 3/9 levels left

rFire   + . .      SeeInvis .      - Unarmed
rCold   . . .      Faith    .    (no shield)
rNeg    + . .      Spirit   .    a - +0 robe
rPois   ∞          Reflect  .    (helmet currently unavailable)
rElec   +          Harm     .    (no cloak)
rCorr   .          Rampage  .    (no gloves)
Will    .....                    (boots currently unavailable)
Stlth   +.........               (no amulet)
HPRegen 0.11/turn                k - +6 ring of dexterity
MPRegen 0.11/turn                g - ring of protection from fire

@: appendages, wereblooded
A: horns 2, talons 2, sickness immunity, AC +4, negative energy resistance 1,
electricity resistance, torment resistance 1, petrification resistance
a: End Transformation


You were on level 3 of the Dungeon.
You had temporarily grown beastly horns and talons.
You visited 1 branch of the dungeon, and saw 3 of its levels.

You collected 152 gold pieces.

Inventory:

Armour
 a - a +0 robe (worn)
Jewellery
 g - a ring of protection from fire (right hand)
 k - a +6 ring of dexterity (left hand)
Wands
 n - a wand of flame (9)
Scrolls
 c - a scroll of amnesia
 d - a scroll of enchant armour {unknown}
 f - a scroll of teleportation
 l - a scroll of blinking {unknown}
 m - a scroll of poison {unknown}
 p - a scroll of fear {unknown}
Potions
 b - a potion of lignification
 e - a potion of ambrosia {unknown}
 h - a potion of brilliance {unknown}
 i - a potion of resistance {unknown}
 j - 2 potions of haste {unknown}
 o - a potion of might {unknown}


   Skills:
 * Level 1.6 Fighting
 - Level 1.5 Dodging
 - Level 5.0 Unarmed Combat
 - Level 2.0 Spellcasting
 * Level 3.8 Transmutations


You had 3 spell levels left.
You knew the following spells:

 Your Spells              Type           Power      Damage    Failure   Level
a - Beastly Appendage     Tmut           22%        N/A       5%          1
b - Wereblood             Tmut           11%        N/A       9%          2
c - Spider Form           Tmut/Pois      6%         N/A       34%         3

Your spell library contained the following spells:

 Spells                   Type           Power      Damage    Failure   Level
 Apportation              Tloc           2%         N/A       26%         1
 Necrotise                Necr           4%         1d4       26%         1
 Summon Small Mammal      Summ           4%         N/A       26%         1
 Ice Form                 Ice/Tmut       6%         N/A       75%         4


Dungeon Overview and Level Annotations

Branches:
Dungeon (3/15)

Altars:
Dithmenos
Nemelex Xobeh

Annotations:
D:3 Natasha


Innate Abilities, Weirdness & Mutations

You have temporarily grown beastly horns and talons.
You are immune to sickness and miasma.
Your stone body is resilient. (AC +4)
You are immune to poison.
You resist negative energy. (rN+)
You are resistant to electric shocks. (rElec)
You are resistant to unholy torment.
You are immune to petrification.


Message History

Natasha casts a spell.
Natasha mumbles some strange words.
The crimson imp hits you but does no damage.
You hit the crimson imp but do no damage.
You headbutt the crimson imp.
The crimson imp is heavily wounded.
Natasha closely misses you.
You barely miss the white imp. You headbutt the white imp.
The white imp is moderately wounded.
The white imp gestures at you. The puff of frost hits you!
The crimson imp closely misses you. Natasha claws you but does no damage.
You hit the white imp but do no damage. You claw the white imp.
The white imp is heavily wounded.
The white imp hits you but does no damage.
The crimson imp hits you but does no damage.
Natasha claws you but does no damage.
You hit the white imp.
You claw the white imp, but do no damage.
The white imp is severely wounded.
The white imp hits you but does no damage.
The shadow imp closely misses you. The crimson imp barely misses you.
Natasha claws you!
You hit the white imp. You headbutt the white imp.
You kill the white imp!
The white imp disappears in a puff of smoke!
The crimson imp barely misses you. The shadow imp closely misses you.
You hit the shadow imp.
The shadow imp is heavily wounded.
Natasha stares at you and mumbles some strange words.
The magic dart hits you!
* * * LOW HITPOINT WARNING * * *
The shadow imp hits you but does no damage.
The crimson imp hits you.
* * * LOW HITPOINT WARNING * * *
You hit the shadow imp but do no damage.
Your kick misses the shadow imp. Your headbutt misses the shadow imp.
The shadow imp is heavily wounded.
Natasha closely misses you. The shadow imp hits you.
You die...

###### ############# #....#
#...........# #.##'####
#.####.####.# #.#...... ###
#.##.....##.####.#...).. #.O.
##.#.......#.##...'......
#....##..#.......#..#.#<#......
#...§........h§.......#.+......
#...h..#.#...5@..#.##.#.#......
?.......'.#....5..#.............
.#......#.##.....##.#.##.#.#####
#.?....§.####.####...##.#..)...
#.#####..§.........####.#######
... ...................)# # ##
#####.#.##.########.#### # ..
#.#..#+### #.)..####
....##.##.....# #........


You could see Natasha, a crimson imp (summoned) and a shadow imp (summoned).

Vanquished Creatures
  An ogre (D:3)
  Ijyb (D:3)
  Terence (D:3)
  4 adders
  2 worms
  2 dart slugs
  5 orcs
  6 endoplasms
  A giant cockroach (D:3)
  7 goblins
  2 hobgoblins
  4 jackals (D:1)
  4 kobolds
  4 quokkas
  4 ball pythons
  7 bats
  4 frilled lizards
  12 rats
71 creatures vanquished.

Notes
Turn   | Place    | Note
-------+----------+-------------------------------------------
     0 | D:1      | greasedhog the Gargoyle Transmuter began the quest for the
                  | Orb.
     0 | D:1      | Reached XP level 1. HP: 12/12 MP: 3/3
   385 | D:1      | Reached XP level 2. HP: 11/16 MP: 3/5
   388 | D:1      | Learned a level 2 spell: Wereblood
   971 | D:1      | Reached XP level 3. HP: 16/20 MP: 2/6
  1608 | D:2      | Learned a level 3 spell: Spider Form
  1899 | D:2      | Reached XP level 4. HP: 25/25 MP: 5/7
  1911 | D:2      | Reached skill level 4 in Unarmed Combat
  2475 | D:2      | Found a faded altar of an unknown god.
  2583 | D:3      | Found a sparkling altar of Nemelex Xobeh.
  2670 | D:3      | Noticed Ijyb
  2670 | D:3      | Noticed an ogre
  2767 | D:3      | Killed Ijyb
  2768 | D:3      | Reached XP level 5. HP: 11/29 MP: 5/8
  2889 | D:3      | Killed an ogre
  2890 | D:3      | Reached skill level 5 in Unarmed Combat
  3039 | D:3      | Noticed Terence
  3049 | D:3      | Killed Terence
  3050 | D:3      | Reached XP level 6. HP: 33/34 MP: 4/9
  3236 | D:3      | Found a shadowy altar of Dithmenos.
  3562 | D:3      | Noticed Natasha
  3582 | D:3      | Slain by a shadow imp

Illustrated notes

Levels and vault maps discovered:
D:1:      minmay_arrival_four_loops, layout_basic
D:2:      layout_basic, hellmonk_ecumenical_altar_defaced_shrine
D:3:      layout_basic, old_standard_altar,
          nicolae_dithmenos_through_a_glass_darkly, serial_shops,
          shop_fountains, shop, nicolae_shop_temple_entry_statues_fountains,
          minivault_4, uniq_natasha, uniq_terence, uniq_ijyb

Skill      XL: |  1  2  3  4  5 |
---------------+----------------+-----
Transmutations | 2 3 |  3.8
Unarmed Combat | 4 5 |  5.0
Fighting       | |  1.6
Dodging        | |  1.5
Spellcasting   | |  2.0

Action                   |  1- 3 |  4- 6 || total
-------------------------+-------+-------++-------
Melee: Unarmed           |   129 |    77 ||   206
       Kick              |    24 |    26 ||    50
       Headbutt          |    11 |    13 ||    24
       Punch             |       |     2 ||     2
 Cast: Beastly Appendage |    32 |    18 ||    50
       Wereblood         |     3 |     5 ||     8
Evoke: Wand              |       |     6 ||     6
  Use: Scroll            |     3 |     1 ||     4
Armor: Robe              |    53 |    20 ||    73
Dodge: Dodged            |    70 |    42 ||   112

Table legend: (Time is in decaauts)
 A = Elapsed time spent in this place.
 B = Non-inter-level travel time spent in this place.
 C = Inter-level travel time spent in this place.
 D = Time resting spent in this place.
 E = Time spent auto-exploring this place.
 F = Levels seen in this place.
 G = Mean time per level.
                   A        B        C        D        E       F      G
               +--------+--------+--------+--------+--------+-----+--------+
         Total |   3566 |   3504 |     62 |    627 |   2311 |   3 | 1188.7 |
       Dungeon |   3566 |   3504 |     62 |    627 |   2311 |   3 | 1188.7 |
               +--------+--------+--------+--------+--------+-----+--------+

Top non-repeatable levels by time:
     D:1: 1403 daAuts
     D:2: 1202 daAuts
     D:3: 961 daAuts
